 Dungeon Crawl Stone Soup version 0.30-a0-626-gd6a5dd7a1f (webtiles) character file.

Game seed: 9225474944911894244

21537 Hubris850 the Brawler (level 12, 0/96 HPs)
             Began as a Minotaur Berserker on Jan 11, 2023.
             Was a High Priest of Trog.
             Slain by a dream sheep (10 damage)
             ... on level 3 of the Lair of Beasts.
             The game lasted 00:25:26 (9985 turns).

Hubris850 the Brawler (Minotaur Berserker)          Turns: 9985, Time: 00:25:26

Health: 0/96       AC:  6    Str: 23    XL:     12   Next: 55%
Magic:  11/11      EV: 15    Int:  4    God:    Trog [*****.]
Gold:   813        SH:  0    Dex: 20    Spells: 11/11 levels left

rFire   + . .      SeeInvis +      - Unarmed
rCold   . . .      Faith    .    (no shield)
rNeg    + . .      Spirit   .    y - +1 leather armour {rPois}
rPois   +          Reflect  .    (helmet restricted)
rElec   .          Harm     .    (no cloak)
rCorr   .          Rampage  .    (no gloves)
Will    ++...                    s - +1 pair of boots "Faoqiwat" {rF+ rN+}
Stlth   +                        u - amulet of regeneration
HPRegen 2.16/turn                n - ring of see invisible
MPRegen 0.12/turn                H - +6 ring of dexterity

@: strong-willed, regenerating
A: horns 2, retaliatory headbutt
a: Renounce Religion, Berserk, Trog's Hand, Brothers in Arms


You were on level 3 of the Lair of Beasts.
You worshipped Trog.
Trog was extremely pleased with you.
You visited 2 branches of the dungeon, and saw 13 of its levels.

You collected 813 gold pieces.

Inventory:

Hand Weapons
 b - a +0 arbalest
 d - a +2 short sword of venom
Missiles
 e - 4 atropa-tipped darts
 A - 10 boomerangs
 B - 25 poisoned darts (quivered)
Armour
 a - a +0 animal skin
 m - a +0 ring mail
 s - the +1 pair of boots "Faoqiwat" (worn) {rF+ rN+}
   (You found it on level 3 of the Dungeon)

   rF:        It protects you from fire.
   rN:        It protects you from negative energy.
 y - a +1 leather armour of poison resistance (worn)
 J - +0 steam dragon scales
 T - a +0 buckler
 V - a +2 robe of fire resistance
Jewellery
 n - a ring of see invisible (left hand)
 u - an amulet of regeneration (around neck)
 H - a +6 ring of dexterity (right hand)
 R - a ring of willpower
 W - a +6 ring of intelligence
 X - an amulet of faith
Wands
 t - a wand of paralysis (28)
 v - a wand of acid (4)
 I - a wand of flame (38)
 N - a wand of polymorph (9)
 S - a wand of mindburst (13)
 U - a wand of digging (11)
Scrolls
 c - 4 scrolls of enchant weapon {unknown}
 i - 2 scrolls of blinking {unknown}
 l - a scroll of noise {unknown}
 o - a scroll of magic mapping {unknown}
 p - 5 scrolls of teleportation
 r - 2 scrolls of fog {unknown}
 x - 3 scrolls of amnesia
 C - a scroll of silence {unknown}
 G - 3 scrolls of poison {unknown}
 K - 2 scrolls of brand weapon {unknown}
 O - 4 scrolls of fear {unknown}
 Q - a scroll of torment {unknown}
Potions
 f - 2 potions of attraction
 g - 3 potions of might
 h - 5 potions of flight
 j - 4 potions of haste
 k - 5 potions of degeneration
 q - a potion of invisibility
 w - 2 potions of lignification
 z - a potion of berserk rage
 D - a potion of heal wounds
 E - 3 potions of curing
 F - 2 potions of magic
 L - 3 potions of resistance
 M - 3 potions of mutation
 P - a potion of brilliance {unknown}


   Skills:
 + Level 6.0 Fighting
 - Level 6.0 Ranged Weapons
 - Level 3.0 Throwing
 - Level 5.0 Armour
 - Level 5.0 Dodging
 - Level 4.7 Shields
 * Level 19.5 Unarmed Combat
 - Level 3.0 Evocations


You had 11 spell levels left.
You didn't know any spells.
Your spell library was empty.

Dungeon Overview and Level Annotations

Branches:
Dungeon (10/15)            Temple (0/1) D:5            Lair (3/5) D:9
  Swamp (0/4) Lair:2       Spider (0/4) Lair:3
    Orc: D:9-12

Altars:
Hepliaklqana
Trog
Wu Jian

Shops:
D:8 :


Innate Abilities, Weirdness & Mutations

You have a pair of horns on your head.
You reflexively headbutt those who attack you in melee.


Message History

You barely miss the dream sheep. You barely miss the dream sheep.
You headbutt the dream sheep!
The dream sheep is heavily wounded.
The dream sheep bites you. The dream sheep bites you! x2
You pummel the dream sheep!!
You kill the dream sheep!
Trog accepts your kill.
Your Fighting skill increases to level 6!
You punch the dream sheep!
The dream sheep is heavily wounded.
The dream sheep misses you.
The dream sheep bites you but does no damage.
You hit the dream sheep but do no damage.
You punch the dream sheep.
The dream sheep is severely wounded.
The dream sheep bites you.
* * * LOW HITPOINT WARNING * * *
The dream sheep bites you but does no damage.
The dream sheep completely misses you.
You closely miss the dream sheep.
The dream sheep is severely wounded.
You closely miss the dream sheep. The dream sheep closely misses you.
The dream sheep bites you but does no damage.
The dream sheep shake their wool and sparkle.
You feel drowsy...
You fall asleep.
The dream sheep bites you!!
You wake up.
* * * LOW HITPOINT WARNING * * *
The dream sheep closely misses you. You furiously retaliate!
You headbutt the dream sheep. The dream sheep barely misses you.
You closely miss the dream sheep.
The dream sheep is lightly wounded.
The dream sheep misses you. You furiously retaliate!
You headbutt the dream sheep, but do no damage.
The dream sheep barely misses you. You furiously retaliate!
You headbutt the dream sheep! The dream sheep completely misses you.
Your skin crawls.
You feel strong-willed. The dream sheep barely misses you.
The dream sheep closely misses you. The dream sheep bites you!
You die...

##......#### .........
#........#.#
#)......##..#...........
#.......#....#.......#.P
............ #......####
#........... #......# #
........###.##......####
......YY.###.P......##..
......Y@..............>.
##.####...##.#.########.
########## ##


You could see 3 dream sheep.

Vanquished Creatures
  A hydra (Lair:3)
  A boulder beetle (Lair:2)
  2 two-headed ogres (D:9)
  The ghost of themarg the Martial Artist, a novice GnTm of Ashenzari (D:9)
  Nergalle (Lair:1)
  The ghost of dracfodder the Geomancer, a novice GrEE of Vehumet (Lair:1)
  A pharaoh ant (Lair:3)
  A black mamba (Lair:2)
  5 cane toads
  An unseen horror (D:9)
  8 komodo dragons
  A troll (D:9)
  A hornet (Lair:1)
  A tarantella (Lair:3)
  13 blink frogs
  2 dream sheep (Lair:3)
  2 jumping spiders (Lair:3)
  5 wyverns
  A basilisk (Lair:3)
  19 yaks
  A steam dragon (D:7)
  A redback (Lair:3)
  3 vampire mosquitoes (D:10)
  4 water moccasins
  An orc warrior (D:8)
  3 black bears
  2 ice beasts
  2 ogres
  A centaur (D:7)
  A phantom (D:5)
  21 wolves
  3 kobold brigands (D:8)
  6 bullfrogs
  A gnoll sergeant (D:9)
  2 scorpions
  A necrophage (D:5)
  5 killer bees (D:9)
  3 howler monkeys
  2 jellies
  8 hounds
  2 orc priests (D:7)
  A gnoll bouda (D:9)
  4 iguanas
  Ijyb (D:4)
  5 orc wizards
  10 gnolls
  2 adders
  A shadow imp (D:7)
  2 white imps (D:5)
  3 worms
  3 dart slugs
  23 orcs
  9 bats
  5 endoplasms
  5 giant cockroaches
  4 hobgoblins
  2 jackals (D:2)
  18 kobolds
  2 quokkas
  2 ball pythons
  A frilled lizard (D:2)
  6 goblins
  3 rats (D:1)
253 creatures vanquished.

Vanquished Creatures (others)
  10 fungi
  8 plants
  2 withered plants (D:9)
20 creatures vanquished.

Grand Total: 273 creatures vanquished

Notes
Turn   | Place    | Note
-------+----------+-------------------------------------------
     0 | D:1      | Hubris850 the Minotaur Berserker began the quest for the
                  | Orb.
     0 | D:1      | Reached XP level 1. HP: 19/19 MP: 0/0
    91 | D:1      | Reached XP level 2. HP: 26/26 MP: 1/1
   287 | D:1      | Reached skill level 4 in Unarmed Combat
   333 | D:1      | Found a faded altar of an unknown god.
   749 | D:2      | Found an ornate altar of the Wu Jian Council.
   805 | D:2      | Reached XP level 3. HP: 29/31 MP: 2/2
  1150 | D:2      | Reached ** piety under Trog
  1151 | D:2      | Reached skill level 1 in Throwing
  1505 | D:3      | Reached XP level 4. HP: 39/39 MP: 3/3
  1558 | D:3      | Identified the +1 pair of boots "Faoqiwat" {rF+ rN+}
  1789 | D:4      | Reached skill level 5 in Unarmed Combat
  1900 | D:4      | Noticed Ijyb
  1913 | D:4      | Killed Ijyb
  2138 | D:4      | Reached XP level 5. HP: 20/45 MP: 4/4
  2592 | D:5      | Entered Level 5 of the Dungeon
  2636 | D:5      | Reached skill level 6 in Unarmed Combat
  2673 | D:5      | Noticed a black bear
  2690 | D:5      | Killed a black bear
  2691 | D:5      | Reached XP level 6. HP: 51/51 MP: 5/5
  2792 | D:5      | Reached skill level 7 in Unarmed Combat
  2891 | D:5      | Reached skill level 8 in Unarmed Combat
  2891 | D:5      | Reached XP level 7. HP: 53/57 MP: 6/6
  3116 | D:5      | Reached skill level 1 in Evocations
  3217 | D:5      | Reached *** piety under Trog
  3369 | D:5      | Found a staircase to the Ecumenical Temple.
  3554 | D:6      | Reached skill level 9 in Unarmed Combat
  3631 | D:6      | Reached XP level 8. HP: 62/64 MP: 7/7
  4044 | D:7      | Found a hazy altar of Hepliaklqana.
  4117 | D:7      | Reached skill level 10 in Unarmed Combat
  4514 | D:7      | Reached skill level 11 in Unarmed Combat
  5141 | D:8      | Found a bloodstained altar of Trog.
  5148 | D:8      | Reached XP level 9. HP: 71/71 MP: 8/8
  5152 | D:8      | Reached skill level 12 in Unarmed Combat
  5211 | D:8      | Reached **** piety under Trog
  5228 | D:8      | Reached skill level 5 in Fighting
  5362 | D:8      | Found Will's Vocational Training.
  5963 | D:9      | Found a staircase to the Lair.
  5979 | D:9      | Reached skill level 13 in Unarmed Combat
  6178 | D:9      | Noticed an unseen horror
  6179 | D:9      | Noticed a troll
  6195 | D:9      | Killed a troll
  6199 | D:9      | Killed an unseen horror
  6295 | D:9      | Noticed a two-headed ogre
  6305 | D:9      | Killed a two-headed ogre
  6306 | D:9      | Reached skill level 5 in Armour
  6306 | D:9      | Reached skill level 14 in Unarmed Combat
  6306 | D:9      | Reached XP level 10. HP: 81/81 MP: 9/9
  6513 | D:9      | Found a runed translucent door.
  6513 | D:9      | Noticed themarg's ghost (novice GnTm)
  6726 | D:9      | Noticed a two-headed ogre
  6734 | D:9      | HP: 1/81 [howler monkey (6)]
  6736 | D:9      | Killed a two-headed ogre
  6971 | D:9      | Killed themarg's ghost
  6972 | D:9      | Reached skill level 15 in Unarmed Combat
  7018 | D:10     | Entered Level 10 of the Dungeon
  7093 | Lair:1   | Entered Level 1 of the Lair of Beasts
  7106 | Lair:1   | Found a large runed translucent door.
  7106 | Lair:1   | Found a large runed translucent door.
  7107 | Lair:1   | Noticed dracfodder's ghost (novice GrEE)
  7151 | Lair:1   | Noticed a cane toad
  7159 | Lair:1   | Killed a cane toad
  7160 | Lair:1   | Reached skill level 5 in Dodging
  7183 | Lair:1   | Reached skill level 1 in Shields
  7275 | Lair:1   | Reached skill level 16 in Unarmed Combat
  7283 | Lair:1   | Reached XP level 11. HP: 39/86 MP: 10/10
  7337 | Lair:1   | Noticed Nergalle
  7351 | Lair:1   | Killed Nergalle
  7532 | Lair:1   | Reached ***** piety under Trog
  7590 | Lair:1   | Reached skill level 1 in Ranged Weapons
  8096 | Lair:1   | Killed dracfodder's ghost
  8097 | Lair:1   | Reached skill level 17 in Unarmed Combat
  8577 | Lair:2   | Found a staircase to the Swamp.
  8679 | Lair:2   | Noticed a boulder beetle
  8697 | Lair:2   | Killed a boulder beetle
  8698 | Lair:2   | Reached skill level 18 in Unarmed Combat
  8788 | Lair:2   | Reached skill level 5 in Ranged Weapons
  9123 | Lair:3   | Reached XP level 12. HP: 57/94 MP: 11/11
  9538 | Lair:3   | Found a hole to the Spider Nest.
  9676 | Lair:3   | Noticed a six-headed hydra
  9689 | Lair:3   | Killed a six-headed hydra
  9690 | Lair:3   | Reached skill level 19 in Unarmed Combat
  9985 | Lair:3   | Slain by a dream sheep

Illustrated notes

Levels and vault maps discovered:
D:1:      lemuel_arrival_muddy, layout_rooms, shapermc_ecumenical_altar_venn
D:2:      layout_basic, basic_altar
D:3:      layout_rooms
D:4:      layout_cave_pods, chequers_serial_rivers_small_3, minmay_cupped,
          uniq_ijyb
D:5:      layout_loops_ring, lemuel_temple_firewalk_b, chequers_mini_garden,
          cheibrodos_gnoll_hut
D:6:      layout_cave_pools
D:7:      layout_layer_cave, mainiacjoe_overflow_cross_hatched
D:8:      layout_basic, trog_butcher_becter, nicolae_shop_vocational
D:9:      layout_stronghold, lair_entry_dummy, gammafunk_ghost_grave,
          kennysheep_generic_room_8
D:10:     layout_roguey, gammafunk_ghost_grave, minivault_8, uniq_urug,
          uniq_amaemon
Lair:1:   layout_roguey, ebering_ghost_disaster_area, uniq_nergalle
Lair:2:   layout_chaotic_city, swamp_mist
Lair:3:   layout_regular_city, nicolae_spider_entry_lesser_pyramids,
          grunt_megastairs_1

Skill      XL: |  1  2  3  4  5  6  7  8  9 10 11 12 |
---------------+-------------------------------------+-----
Armour         | 3 5 |  5.0
Unarmed Combat | 4 5 6 8 9 11 14 16 18 19 | 19.5
Throwing       | 1 2 3 |  3.0
Evocations     | 2 3 |  3.0
Fighting       | 4 5 6 |  6.0
Dodging        | 5 |  5.0
Shields        | 3 4 |  4.7
Ranged Weapons | 5 6 |  6.0

Action                   |  1- 3 |  4- 6 |  7- 9 | 10-12 || total
-------------------------+-------+-------+-------+-------++-------
Melee: Unarmed           |    11 |    76 |   217 |   363 ||   667
       Short sword       |    80 |    15 |       |       ||    95
       Headbutt          |    11 |    15 |    48 |    75 ||   149
       Punch             |     1 |     2 |    14 |    39 ||    56
 Fire: Arbalest          |       |       |       |    18 ||    18
Throw: Dart              |       |    11 |    13 |     5 ||    29
Invok: Berserk           |       |     1 |     2 |     3 ||     6
       Trog's Hand       |       |     1 |       |     2 ||     3
Evoke: Wand              |       |       |       |     3 ||     3
  Use: Potion            |     2 |       |       |     2 ||     4
       Scroll            |       |       |       |    12 ||    12
 Stab: Invisible         |       |     2 |       |       ||     2
       Sleeping          |       |       |     3 |       ||     3
Armor: Animal skin       |    16 |       |       |       ||    16
       Ring mail         |     6 |     5 |       |       ||    11
       Leather armour    |       |     4 |    54 |    42 ||   100
Dodge: Dodged            |    68 |    38 |   108 |   215 ||   429

Table legend: (Time is in decaauts)
 A = Elapsed time spent in this place.
 B = Non-inter-level travel time spent in this place.
 C = Inter-level travel time spent in this place.
 D = Time resting spent in this place.
 E = Time spent auto-exploring this place.
 F = Levels seen in this place.
 G = Mean time per level.
                   A        B        C        D        E       F      G
               +--------+--------+--------+--------+--------+-----+--------+
         Total |   9864 |   9447 |    417 |    638 |   7101 |  13 |  758.8 |
       Dungeon |   7054 |   6677 |    377 |    260 |   5260 |  10 |  705.4 |
          Lair |   2809 |   2769 |     40 |    377 |   1841 |   3 |  936.3 |
               +--------+--------+--------+--------+--------+-----+--------+

Top non-repeatable levels by time:
     D:9: 1177 daAuts
     D:7: 1078 daAuts
  Lair:1: 1028 daAuts
  Lair:2: 1001 daAuts
     D:5: 874 daAuts
     D:8: 859 daAuts
     D:4: 851 daAuts
  Lair:3: 779 daAuts
     D:2: 687 daAuts
     D:1: 632 daAuts
     D:6: 468 daAuts
     D:3: 416 daAuts
    D:10: 7 daAuts
